 Dungeon Crawl Stone Soup version 0.18.1-48-g4cf74bf (webtiles) character file.

212 striepan the Skirmisher (level 5, -4/52 HPs)
             Began as a Minotaur Fighter on Sept 1, 2016.
             Slain by an ogre
             ... wielding a +0 giant club
              (25 damage)
             ... on level 3 of the Dungeon.
             The game lasted 00:14:26 (2531 turns).

striepan the Skirmisher (Minotaur Fighter)          Turns: 2531, Time: 00:14:27

Health: -4/52      AC:  8    Str: 22    XL:     5   Next: 58%
Magic:  4/4        EV:  7    Int:  7    God:
Gold:   182        SH:  9    Dex:  9    Spells: 0 memorised, 4 levels left

rFire  + . .     SeeInvis .     a - +0 war axe
rCold  x . .     Gourm    .     b - +0 scale mail
rNeg   . . .     Faith    .     c - +0 shield
rPois  .         Spirit   .     (helmet restricted)
rElec  +         Dismiss  .     (no cloak)
rCorr  .         Reflect  .     (no gloves)
SustAt .         Harm     .     (no boots)
MR     .....                    (no amulet)
Stlth  ..........               (no ring)
                                k - ring of fire

@: not resistant to hostile enchantments, extremely unstealthy
A: retaliatory headbutt, horns 2, yellow scales 1, clever 1, electricity
resistance
a: no special abilities


You were on level 3 of the Dungeon.
You were not hungry.

You visited 1 branch of the dungeon, and saw 4 of its levels.

You collected 182 gold pieces.

Inventory:

Hand Weapons
 a - a +0 war axe (weapon)
Armour
 b - a +0 scale mail (worn)
 c - a +0 shield (worn)
 s - a +0 chain mail
Jewellery
 k - a ring of fire (left hand)
Wands
 t - a wand of lightning (11/15)
Scrolls
 h - a scroll of fog {unknown}
 j - 4 scrolls of teleportation {unknown}
 l - 5 scrolls of remove curse {unknown}
 n - a scroll of magic mapping {unknown}
 o - a scroll of identify {unknown}
Potions
 d - 2 potions of might
 e - 6 potions of curing
 p - 2 potions of heal wounds
 q - a potion of flight {unknown}
 r - a potion of cure mutation {unknown}
Comestibles
 f - 4 bread rations
 g - 2 meat rations
 i - 4 beef jerkies
 m - a chunk of flesh


   Skills:
 - Level 7.2 Fighting
 + Level 3.5 Axes
 - Level 3.6 Armour
 - Level 3.6 Shields


You had 4 spell levels left.
You didn't know any spells.

Dungeon Overview and Level Annotations

Branches:
Dungeon (4/15)
 Temple: D:4-7

Altars:
Cheibriados
Fedhas
Pakellas
Sif Muna


Innate Abilities, Weirdness & Mutations

You reflexively headbutt those who attack you in melee.
You have a pair of horns on your head.
You are partially covered in yellow scales (AC +2).
Your mind is acute. (Int +2)
You are resistant to electric shocks.


Message History

m - a chunk of flesh You start resting.
You feel sick. x3
You are no longer poisoned.
You start resting.
An ogre comes into view. It is wielding a giant club.
The ogre shouts!
You hit the ogre.
The ogre is lightly wounded.
The ogre hits you with a giant club!
You hit the ogre. You headbutt the ogre!
The ogre is severely wounded.
The ogre hits you with a giant club.
Your shield and scale mail prevent you from hitting the ogre.
You headbutt the ogre.
The ogre is almost dead.
The ogre hits you with a giant club!
You hit the ogre.
The ogre is almost dead.
The ogre hits you with a giant club!!
You die...

#.......# #.##)# #.#
#######################.##.# #.#
......#..................#.## #.#
#####...............#.......# #.#
#######.######..............# #.#
............##.####.#.#####.###.#
#.####......##.#.<#.#.# #...#.#
#.........).##.#.##.#.#######.#.#
#.###.......##.#@.............#.#
#.# #..........O.#.##.#########.#
..###..#.......#...........####.#
...........)...>.#.##.#.(.......#
..###..#)##.####.#.##.#..########
#.#....#.##.# #.#.##(#........#
..#.##.#.##.# #.#.##.#.######.#
#...#..#.##.####.#.##.#.#..# #.#
##..#.##.##....#.#.##.#.#..# #.#


You could see an ogre.

Vanquished Creatures
  A hound (D:4)
  A gnoll shaman (D:4)
  Natasha (D:3)
  6 adders
  3 worms
  2 dart slugs
  2 giant geckos
  5 orcs
  3 giant cockroaches
  6 goblins
  6 hobgoblins
  3 quokkas
  2 ball pythons (D:3)
  8 bats
  5 giant newts
  4 kobolds
  3 rats
61 creatures vanquished.

Notes
Turn   | Place    | Note
--------------------------------------------------------------
     0 | D:1      | striepan the Minotaur Fighter began the quest for the Orb.
     0 | D:1      | Reached XP level 1. HP: 19/19 MP: 0/0
   143 | D:1      | Reached skill level 4 in Fighting
   186 | D:1      | Reached XP level 2. HP: 25/27 MP: 1/1
   412 | D:2      | Reached skill level 5 in Fighting
   413 | D:2      | Reached XP level 3. HP: 29/36 MP: 2/2
   981 | D:3      | Reached XP level 4. HP: 44/44 MP: 3/3
  1006 | D:3      | Reached skill level 6 in Fighting
  1276 | D:3      | Found a snail-covered altar of Cheibriados.
  1445 | D:3      | Found a deep blue altar of Sif Muna.
  1484 | D:3      | Noticed Natasha
  1502 | D:3      | Killed Natasha
  1776 | D:3      | Found an oddly glowing altar of Pakellas.
  1908 | D:3      | Gained mutation: You are resistant to electric shocks. [potion of mutation]
  1908 | D:3      | Gained mutation: You are partially covered in yellow scales (AC +2). [potion of mutation]
  1908 | D:3      | Gained mutation: Your mind is acute. (Int +2) [potion of mutation]
  2055 | D:4      | Reached skill level 7 in Fighting
  2055 | D:4      | Reached XP level 5. HP: 50/52 MP: 4/4
  2258 | D:4      | Found a blossoming altar of Fedhas.
  2526 | D:3      | Noticed an ogre
  2531 | D:3      | Slain by an ogre

Skill      XL: |  1  2  3  4  5 |
---------------+----------------+-----
Fighting       | 4 5 7 |  7.2
Axes           | 3 |  3.5
Armour         | |  3.6
Shields        | |  3.6

Action                   |  1- 3 |  4- 6 || total
-------------------------+-------+-------++-------
Melee: War axe           |   104 |    77 ||   181
       Headbutt          |    11 |    19 ||    30
  Use: Potion            |     3 |     1 ||     4
  Eat: Chunk             |       |     5 ||     5
Armor: Scale mail        |    44 |    29 ||    73
Dodge: Dodged            |    32 |    34 ||    66
Block: Shield            |    58 |    49 ||   107
